 Dungeon Crawl Stone Soup version 0.26.1-2-gb8aa6d0cf2 (webtiles) character file.

Game seed: 1308469374273104697

166 ubername the Grave Robber (level 5, -2/39 HPs)
             Began as a Hill Orc Necromancer on Mar 16, 2021.
             Splashed by a jelly's acid (5 damage)
             ... on level 3 of the Dungeon.
             The game lasted 00:08:28 (3787 turns).

ubername the Grave Robber (Hill Orc Necromancer)    Turns: 3787, Time: 00:08:28

Health: -2/39      AC:  0    Str: 11    XL:     5   Next: 47%
Magic:  6/8        EV: 12    Int: 21    God:
Gold:   50         SH:  0    Dex: 11    Spells: 8/9 levels left

rFire    . . .     SeeInvis .   w - +1 hand axe (freeze)
rCold    . . .     Faith    .   (no shield)
rNeg     + . .     Spirit   .   a - +0 robe
rPois    .         Reflect  .   d - +0 helmet of Refuge {Int+5}
rElec    .         Harm     .   (no cloak)
rCorr    .         Rampage  .   e - +0 pair of gloves
Will     .....                  (no boots)
Stlth    ++........             (no amulet)
HPRegen  0.13/turn              l - ring of positive energy
MPRegen  0.11/turn              (no ring)

@: corroded
A: no striking features
a: no special abilities


You were on level 3 of the Dungeon.
You visited 1 branch of the dungeon, and saw 3 of its levels.

You collected 50 gold pieces.

Inventory:

Hand Weapons
 g - a +2 dagger of holy wrath
 m - a +0 hand axe
 w - a +1 hand axe of freezing (weapon)
Missiles
 i - 86 stones
 k - 5 boomerangs
 n - 17 poisoned darts
 s - 14 sling bullets
Armour
 a - a +0 robe (worn)
 d - the +0 helmet of Refuge (worn) {Int+5}
   (You took it off Robin on level 2 of the Dungeon)

   It affects your intelligence (+5).
 e - a +0 pair of gloves (worn)
Jewellery
 l - a ring of positive energy (left hand)
 p - an uncursed ring of fire
Wands
 o - a wand of flame (19)
 v - a wand of disintegration (13)
Scrolls
 h - a scroll of remove curse
 j - a scroll of identify {unknown}
 q - a scroll of teleportation
 r - a scroll of amnesia
Potions
 b - a potion of degeneration {unknown}
 c - 2 potions of berserk rage {unknown}
 f - a potion of flight {unknown}
 t - a potion of attraction {unknown}
 u - a potion of resistance {unknown}


   Skills:
 + Level 0.3 Fighting
 + Level 1.3(1.5) Axes
 + Level 0.5(0.9) Maces & Flails
 + Level 2.0 Dodging
 + Level 1.9 Stealth
 + Level 2.6 Spellcasting
 + Level 5.3 Necromancy


You had 8 spell levels left.
You knew the following spells:

 Your Spells              Type           Power        Failure   Level
a - Pain                  Necr           100%         1%          1

Your spell library contained the following spells:

 Spells                   Type           Power        Failure   Level
 Animate Skeleton         Necr           50%          1%          1
 Vampiric Draining        Necr           12%          4%          3
 Animate Dead             Necr           12%          16%         4
 Agony                    Necr           25%          41%         5


Dungeon Overview and Level Annotations

Branches:
Dungeon (3/15)

Altars:


Message History

Aiming: Pain (safe; 1% risk of failure)
Press: ? - help, Shift-Dir - straight line, f/p - hobgoblin
Aim: a hobgoblin, wielding a +0 club (lightly wounded, chance to affect: 93%)
The hobgoblin writhes in agony.
You hit the hobgoblin. You freeze the hobgoblin.
The hobgoblin is almost dead.
The hobgoblin closely misses you.
You hit the hobgoblin. You freeze the hobgoblin.
You kill the hobgoblin!
The jelly hits you but does no damage.
You hit the jelly. You freeze the jelly.
Your hands burn!
The jelly is heavily wounded.
The jelly hits you.
You are splashed with acid!
You hit the jelly. You freeze the jelly.
Your hands burn!
The jelly is severely wounded.
The jelly hits you.
You are splashed with acid!
* * * LOW HITPOINT WARNING * * *
You hit the jelly. You freeze the jelly. The acid corrodes you!
Your hands burn!
You die...

.. ... ... .. ##.# ..
...###.# ###
##.#.....####......
.....................
.##..#.)##.##.......
......J@............
..###.............# .
#......#......# #.
#.............# #.
#####........†### #.
......#.........###.
......#....#.##[....
.........###.........
.........# #.........


You could see a jelly.

Vanquished Creatures
  An orc priest (D:3)
  Robin (D:2)
  2 adders
  2 oozes
  An adder skeleton (D:2)
  4 dart slugs
  A leopard gecko (D:2)
  5 orcs (D:3)
  3 ball pythons
  6 bats
  5 giant cockroaches
  18 goblins
  8 hobgoblins
  10 kobolds
  A quokka (D:2)
  4 frilled lizards
  6 rats
78 creatures vanquished.

Notes
Turn   | Place    | Note
-------+----------+-------------------------------------------
     0 | D:1      | ubername the Hill Orc Necromancer began the quest for the
                  | Orb.
     0 | D:1      | Reached XP level 1. HP: 14/14 MP: 3/3
   355 | D:1      | Reached XP level 2. HP: 15/20 MP: 0/4
   953 | D:1      | Reached XP level 3. HP: 19/26 MP: 5/5
  2006 | D:2      | Reached XP level 4. HP: 24/33 MP: 1/7
  2529 | D:2      | Identified the +0 helmet of Refuge {Int+5}
  2529 | D:2      | Noticed Robin
  2834 | D:2      | Reached skill level 5 in Necromancy
  2835 | D:2      | Reached skill level 1 in Axes
  3141 | D:2      | Killed Robin
  3508 | D:3      | Reached XP level 5. HP: 33/39 MP: 1/8
  3787 | D:3      | Splashed by a jelly's acid

Illustrated notes

Levels and vault maps discovered:
D:1:      dpeg_arrival_shelter, layout_rooms, minmay_misc_feat_x
D:2:      layout_basic, nrook_mini_backslash, uniq_robin
D:3:      layout_rooms, uniq_natasha

Skill      XL: |  1  2  3  4 |
---------------+-------------+-----
Spellcasting   | 2 |  2.6
Necromancy     | 5 |  5.3
Axes           | 1 |  1.3
Dodging        | 2 |  2.0
Fighting       | |  0.3
Maces & Flails | |  0.5
Stealth        | |  1.9

Action                   |  1- 3 |  4- 6 || total
-------------------------+-------+-------++-------
Melee: Unarmed           |     6 |       ||     6
       Club              |    10 |       ||    10
       Hand axe          |    54 |    38 ||    92
 Cast: Pain              |    49 |    50 ||    99
  Use: Scroll            |       |     4 ||     4
 Stab: Sleeping          |     1 |       ||     1
       Distracted        |     1 |       ||     1
Armor: Robe              |    31 |    13 ||    44
Dodge: Dodged            |    69 |    37 ||   106
